 Dungeon Crawl Stone Soup version 0.23.2-40-g277498a001 (webtiles) character file.

Game seed: 10247224986414428023

466 Aggronaut the Ruffian (level 6, 0/84 HPs)
             Began as a Draconian Monk on Oct 21, 2019.
             Succumbed to an orc wizard's poison
             ... on level 4 of the Dungeon.
             The game lasted 00:13:19 (3761 turns).

Aggronaut the Ruffian (Draconian Monk)              Turns: 3761, Time: 00:13:19

Health: 0/84       AC: 23    Str: 16    XL:     6   Next: 81%
Magic:  6/6        EV:  2    Int: 10    God:
Gold:   179        SH:  4    Dex: 13    Spells: 5/5 levels left

rFire    . . .     SeeInvis .     - Unarmed
rCold    . . .     Gourm    .   m - +0 buckler
rNeg     + + +     Faith    .   (armour unavailable)
rPois    +         Spirit   .   (helmet currently unavailable)
rElec    .         Reflect  .   (cloak currently unavailable)
rCorr    .         Harm     .   (gloves currently unavailable)
MR       .....     NoTele   +   (boots currently unavailable)
Stlth    ++........             (no amulet)
HPRegen  0.24/turn              (no ring)
MPRegen  0.10/turn              (no ring)

@: lethally poisoned (0 -> -41), tree-form
A: unfitting armour, AC +6
a: no special abilities


You were on level 4 of the Dungeon.
You were not hungry.
You were a tree.
You visited 1 branch of the dungeon, and saw 4 of its levels.

You collected 179 gold pieces.

Inventory:

Armour
 m - a +0 buckler (worn)
Wands
 p - a wand of acid (5)
Scrolls
 b - a scroll of identify
 c - 2 scrolls of remove curse
Potions
 d - 2 potions of flight
 e - a potion of brilliance
Comestibles
 a - 6 rations
 f - 8 chunks of flesh


   Skills:
 - Level 5.0 Fighting
 - Level 2.6 Dodging
 - Level 1.7 Stealth
 + Level 2.9 Shields
 * Level 6.1 Unarmed Combat


You had 5 spell levels left.
You didn't know any spells.
Your spell library was empty.

Dungeon Overview and Level Annotations

Branches:
Dungeon (4/15)
 Temple: D:4-7

Altars:
Ashenzari
Hepliaklqana


Innate Abilities, Weirdness & Mutations

((Your plain brown scales are hard. (AC +6)))
You cannot fit into any form of body armour.
((You are cold-blooded and may be slowed by cold attacks.))


Message History

You hit something but do no damage.
You feel yourself speed up.
* * * LOW HITPOINT WARNING * * *
You feel very sick. You block something's attack.
It was a potion of lignification.
You turn into a tree.
Your roots penetrate the ground.
* * * LOW HITPOINT WARNING * * *
You feel very sick.
You hear some strange, mumbled words.
A puff of flame appears from out of thin air!
The puff of flame hits you but does no damage.
Evoke which item? (* to show all) (? for menu, Esc to quit)
Aiming: Corrosive Bolt
Press: ? - help, Shift-Dir - straight line, f - orc
Aim: an orc, wielding a +0 short sword The bolt of acid hits the orc!
The orc is splashed with acid.
The acid corrodes the orc!
You kill the orc!
You die...

################
........>......#
...............#
...............#
..............o#
.............){###########
......#########♣..........
...o. #.......#...........
##### ....
#.......#...÷....... #....
... #.......#...........
#.... ..
#.......#........... #....
. #.......#...........
#....
#.......####'######+##....
#.............#.....#.....
#.............#.....#.....


You could see an orc.

Vanquished Creatures
  A phantom (D:4)
  An orc wizard (D:4)
  An orc priest (D:3)
  A hound (D:4)
  An iguana (D:4)
  2 worker ants (D:4)
  Robin (D:4)
  8 adders
  A river rat (D:3)
  6 worms
  3 dart slugs
  2 leopard geckos
  10 orcs
  7 giant cockroaches
  19 goblins
  11 hobgoblins
  4 jackals
  2 quokkas
  4 bats
  3 frilled lizards
  5 kobolds
  6 rats
99 creatures vanquished.

Notes
Turn   | Place    | Note
-------+----------+-------------------------------------------
     0 | D:1      | Aggronaut the Draconian Monk began the quest for the Orb.
     0 | D:1      | Reached XP level 1. HP: 19/19 MP: 1/1
   282 | D:1      | Reached XP level 2. HP: 20/26 MP: 2/2
   468 | D:1      | Found a shattered altar of Ashenzari.
  1247 | D:2      | Reached XP level 3. HP: 33/33 MP: 3/3
  1330 | D:2      | Reached skill level 4 in Unarmed Combat
  1348 | D:2      | Found a hazy altar of Hepliaklqana.
  1802 | D:3      | Reached XP level 4. HP: 28/40 MP: 4/4
  1958 | D:3      | Reached skill level 1 in Shields
  2379 | D:3      | Reached XP level 5. HP: 39/47 MP: 5/5
  2413 | D:3      | Reached skill level 5 in Unarmed Combat
  3264 | D:4      | Noticed a phantom
  3283 | D:4      | Reached XP level 6. HP: 34/53 MP: 6/6
  3505 | D:4      | Noticed Robin
  3524 | D:4      | Killed Robin
  3524 | D:4      | Reached skill level 5 in Fighting
  3639 | D:4      | Reached skill level 6 in Unarmed Combat
  3760 | D:4      | HP: 4/84 [poisoned by an orc wizard]
  3761 | D:4      | Succumbed to an orc wizard's poison

Skill      XL: |  1  2  3  4  5  6 |
---------------+-------------------+-----
Unarmed Combat | 4 5 6 |  6.1
Fighting       | 4 5 |  5.0
Shields        | 1 2 |  2.9
Dodging        | |  2.6
Stealth        | |  1.7

Action                   |  1- 3 |  4- 6 || total
-------------------------+-------+-------++-------
Melee: Unarmed           |   160 |   237 ||   397
       Tailslap          |    16 |    30 ||    46
       Punch             |     1 |       ||     1
Evoke: Wand              |       |     2 ||     2
  Use: Scroll            |     5 |     7 ||    12
       Potion            |       |     5 ||     5
 Stab: Sleeping          |    11 |     2 ||    13
  Eat: Chunk             |     3 |     3 ||     6
       Ration            |       |     1 ||     1
Armor: Skin              |    26 |    55 ||    81
Dodge: Dodged            |    77 |   143 ||   220
Block: Buckler           |       |    40 ||    40
